 Dungeon Crawl Stone Soup version 0.28.0-1-gb440e238dd (webtiles) character file.

Game seed: 15646057556297516576

121 Edwards80 the Grasshopper (level 4, -11/36 HPs)
             Began as a Draconian Warper on Feb 22, 2022.
             Killed by divine providence
             ... invoked by an orc priest
              (13 damage)
             ... on level 3 of the Dungeon.
             The game lasted 00:07:16 (3742 turns).

Edwards80 the Grasshopper (Draconian Warper)        Turns: 3742, Time: 00:07:17

Health: -11/36     AC:  5    Str: 16    XL:     4   Next: 77%
Magic:  7/7        EV: 12    Int: 13    God:
Gold:   81         SH:  0    Dex: 10    Spells: 2/7 levels left

rFire   . . .      SeeInvis .   a - +0 short sword
rCold   . . .      Faith    .   (no shield)
rNeg    . . .      Spirit   .   (armour unavailable)
rPois   .          Reflect  .   (helmet restricted)
rElec   .          Harm     .   (no cloak)
rCorr   .          Rampage  .   (no gloves)
Will    .....                   (no boots)
Stlth   ..........              f - amulet of magic regeneration
HPRegen 0.12/turn               (no ring)
MPRegen 0.50/turn               (no ring)

@: lethally poisoned (-11 -> -13), silenced (expiring)
A: AC +5, unfitting armour, cold-blooded
a: no special abilities


You were on level 3 of the Dungeon.
You visited 1 branch of the dungeon, and saw 3 of its levels.

You collected 81 gold pieces.

Inventory:

Hand Weapons
 a - a +0 short sword (weapon)
Missiles
 b - 4 poisoned darts
 c - 5 boomerangs of dispersal (quivered)
Jewellery
 f - an amulet of magic regeneration (around neck)
Potions
 e - a potion of flight {unknown}


   Skills:
 - Level 2.1 Fighting
 + Level 3.8 Short Blades
 - Level 0.8 Throwing
 - Level 2.1 Dodging
 - Level 2.0 Spellcasting
 + Level 4.4 Translocations


You had 2 spell levels left.
You knew the following spells:

 Your Spells              Type           Power      Damage    Failure   Level
a - Blink                 Tloc           24%        N/A       6%          2
b - Gell's Gravitas       Tloc           12%        N/A       12%         3

Your spell library contained the following spells:

 Spells                   Type           Power      Damage    Failure   Level
 Corpse Rot               Necr/Air       2%         N/A       36%         2
 Poisonous Vapours        Pois/Air       2%         N/A       36%         2
 Lesser Beckoning         Tloc           12%        N/A       12%         3
 Teleport Other           Tloc           12%        N/A       12%         3
 Manifold Assault         Tloc           12%        N/A       75%         5
 Summon Forest            Summ/Tloc      3%         N/A       96%         5
 Eringya's Noxious Bog    Tmut/Pois      0%         N/A       100%        6
 Summon Hydra             Summ           0%         N/A       100%        7


Dungeon Overview and Level Annotations

Branches:
Dungeon (3/15)

Altars:
Fedhas


Innate Abilities, Weirdness & Mutations

Your plain brown scales are hard. (AC +5)
You cannot fit into any form of body armour.
You are cold-blooded and may be slowed by cold attacks.


Message History

The orc hits you with a +2 short sword of venom.
You are poisoned.
You hit the orc.
You kill the orc!
You feel very sick.
The kobold throws a poisoned dart.
The poisoned dart hits you.
You are more poisoned.
You feel very sick.
The kobold throws a poisoned dart.
The poisoned dart hits you!
You are more poisoned.
You feel very sick. The kobold barely misses you.
You see here a +2 short sword of venom.
You miss the kobold. Your punch misses the kobold.
You feel very sick. The kobold hits you with a +0 dagger.
You completely miss the kobold.
Your tail-slap misses the kobold.
You feel very sick. The kobold closely misses you.
You hit the kobold.
You kill the kobold!
You feel sick.
You hit the orc.
The orc is severely wounded.
You feel sick. The orc hits you with a +0 whip.
* * * LOW HITPOINT WARNING * * *
You hit the orc.
You kill the orc!
* * * LOW HITPOINT WARNING * * *
You feel sick.
The orc priest looks encouraged for a moment.
* * * LOW HITPOINT WARNING * * *
You feel sick. The orc closely misses you.
* * * LOW HITPOINT WARNING * * *
You feel sick.
* * * LOW HITPOINT WARNING * * *
You feel sick.
The orc priest invokes the aid of Beogh against you.
Beogh smites you!
You die...

# ##.. ###.#. ##.
......#### #. .........# #.
......##.# #.. ###...##.#
#[.. ........(# ##..
###...#..###############...
##.
###.............@.oo)o.....
#.
......#..........####......
##........#'####.# .....
..........#≈≈≈≈#.# ....
.....##.#.#≈>_≈#.# ...
#.........#≈)⌠≈#.# ..
........#.#≈≈≈≈#.# .
.....####.######.# #....#
#.. ..#


You could see an orc priest and 2 orcs.

Vanquished Creatures
  4 adders
  A gnoll (D:1)
  4 worms (D:2)
  A dart slug (D:1)
  3 orcs
  8 endoplasms
  5 giant cockroaches
  5 goblins
  3 hobgoblins
  2 jackals
  6 kobolds
  5 quokkas
  A ball python (D:3)
  3 bats
  6 frilled lizards
  A rat (D:2)
58 creatures vanquished.

Notes
Turn   | Place    | Note
-------+----------+-------------------------------------------
     0 | D:1      | Edwards80 the Draconian Warper began the quest for the Orb.
     0 | D:1      | Reached XP level 1. HP: 17/17 MP: 3/3
   419 | D:1      | Reached XP level 2. HP: 15/24 MP: 5/5
   445 | D:1      | Learned a level 2 spell: Blink
  1115 | D:1      | Reached XP level 3. HP: 24/29 MP: 6/6
  1119 | D:1      | Learned a level 3 spell: Gell's Gravitas
  2218 | D:2      | Reached skill level 4 in Translocations
  2239 | D:2      | Reached XP level 4. HP: 10/36 MP: 7/7
  3708 | D:3      | Found a blossoming altar of Fedhas.
  3742 | D:3      | Killed from afar by an orc priest

Illustrated notes

Levels and vault maps discovered:
D:1:      minmay_arrival_four_circles, layout_basic, kennysheep_minor_cross
D:2:      minmay_skewed_foursquare, layout_loops_corners
D:3:      layout_loops_ring, general_overflow_altar

Skill      XL: |  1  2  3 |
---------------+----------+-----
Short Blades   | 3 |  3.8
Translocations | 4 |  4.4
Fighting       | |  2.1
Throwing       | |  0.8
Dodging        | |  2.1
Spellcasting   | |  2.0

Action                   |  1- 3 |  4- 6 || total
-------------------------+-------+-------++-------
Melee: Short sword       |   164 |    74 ||   238
       Tailslap          |    22 |     8 ||    30
       Punch             |     3 |       ||     3
 Cast: Blink             |       |     1 ||     1
  Use: Scroll            |     1 |     2 ||     3
 Stab: Sleeping          |       |     2 ||     2
Armor: Skin              |    54 |    18 ||    72
Dodge: Dodged            |    72 |    29 ||   101
